 Dungeon Crawl Stone Soup version 0.29.1 (webtiles) character file.

Game seed: 15422294032087088097

1171 ImASeal the Chopper (level 8, -13/78 HPs)
             Began as a Troll Fighter on Sept 13, 2022.
             Was a Priest of Zin.
             Mangled by an ogre
             ... wielding a +0 giant club
              (17 damage)
             ... on level 6 of the Dungeon.
             The game lasted 00:21:53 (4308 turns).

ImASeal the Chopper (Troll Fighter)                 Turns: 4308, Time: 00:21:56

Health: -13/78     AC:  4    Str: 27    XL:     8   Next: 18%
Magic:  7/7        EV:  8    Int:  9    God:    Zin [***...]
Gold:   234        SH:  8    Dex:  9    Spells: 7/7 levels left

rFire   . . .      SeeInvis +   n - +11 hand axe "Veirgh" {freeze, Int+5}
rCold   . . .      Faith    .   c - +0 kite shield
rNeg    . . .      Spirit   .   b - +0 robe
rPois   .          Reflect  .   (helmet restricted)
rElec   .          Harm     .   (no cloak)
rCorr   .          Rampage  .   (gloves unavailable)
Will    .....                   (boots unavailable)
Stlth   +.........              (no amulet)
HPRegen 1.03/turn               l - ring of see invisible
MPRegen 0.10/turn               A - +4 ring of slaying

@: mighty
A: large, unfitting armour, claws 3, regeneration 1, shaggy fur 1, tough skin 1
a: Renounce Religion, Recite, Vitalisation, Imprison, Donate Gold


You were on level 6 of the Dungeon.
You worshipped Zin.
Zin was most pleased with you.
You visited 1 branch of the dungeon, and saw 6 of its levels.

You collected 259 gold pieces.
You donated 25 gold pieces to Zin.

Inventory:

Hand Weapons
 a - a +0 war axe
 n - the +11 hand axe "Veirgh" (weapon) {freeze, Int+5}
   (You found it on level 5 of the Dungeon)

   It freezes those it strikes, dealing additional cold damage.
   It can also slow down cold-blooded creatures.
   Int:       It affects your intelligence (+5).
Missiles
 o - 3 large rocks
 u - 5 poisoned darts (quivered)
 D - a throwing net
Armour
 b - a +0 robe (worn)
 c - a +0 kite shield (worn)
Jewellery
 g - a +6 ring of dexterity
 h - a ring of protection from cold
 l - a ring of see invisible (left claw)
 t - an amulet of faith
 y - a ring of magical power
 A - a +4 ring of slaying (right claw)
Scrolls
 f - 3 scrolls of enchant armour {unknown}
 j - a scroll of noise {unknown}
 k - 2 scrolls of teleportation
 m - 2 scrolls of immolation {unknown}
 q - a scroll of fog {unknown}
 s - 2 scrolls of identify {unknown}
 x - 2 scrolls of enchant weapon {unknown}
 z - a scroll of silence {unknown}
Potions
 d - a potion of might
 e - 2 potions of flight {unknown}
 i - a potion of heal wounds {unknown}
 p - a potion of lignification {unknown}
 r - 3 potions of degeneration {unknown}
 v - 2 potions of ambrosia {unknown}
 w - a potion of magic {unknown}
 B - 3 potions of brilliance
 C - 2 potions of cancellation {unknown}


   Skills:
 + Level 4.2 Fighting
 + Level 6.0 Axes
 + Level 1.9 Throwing
 - Level 2.5 Dodging
 + Level 5.0 Shields


You had 7 spell levels left.
You didn't know any spells.
Your spell library contained the following spells:

 Spells                   Type           Power      Damage    Failure   Level
 Beastly Appendage        Tmut           0%         N/A       65%         1
 Magic Dart               Conj           0%         1d3       65%         1
 Call Imp                 Summ           0%         N/A       80%         2
 Wereblood                Tmut           0%         N/A       80%         2
 Call Canine Familiar     Summ           0%         N/A       95%         3
 Mephitic Cloud           Conj/Pois/Air  0%         N/A       95%         3
 Portal Projectile        Hex/Tloc       0%         N/A       95%         3
 Spider Form              Tmut/Pois      0%         N/A       95%         3
 Leda's Liquefaction      Hex/Erth       0%         N/A       100%        4
 Summon Lightning Spire   Summ/Air       0%         N/A       100%        4
 Storm Form               Tmut/Air       0%         N/A       100%        7
 Maxwell's Capacitive Co  Air            0%         ∞         100%        8


Dungeon Overview and Level Annotations

Branches:
Dungeon (6/15)             Temple (0/1) D:6

Altars:
Fedhas
Sif Muna
Xom
Zin

Annotations:
D:2 exclusion: 6 oklob plants
D:3 2 transporters, glosham's ghost, weakling SpAE
D:4 exclusion: oklob plant
D:6 exclusion: 3 oklob plants


Innate Abilities, Weirdness & Mutations

You are too large for most types of armour.
You have claws for hands.
Your natural rate of healing is unusually fast.
You are covered in fur. (AC +1)
You have tough skin. (AC +1)


Message History

You hit the orc. You freeze the orc. You slash the orc! You freeze the orc.
You kill the orc!
You block the orc priest's attack. The orc hits you but does no damage.
You slash the orc priest! You freeze the orc priest.
You kill the orc priest!
You slash the orc! You freeze the orc.
You kill the orc!
You completely miss the orc. You slash the orc! You freeze the orc.
You kill the orc!
You block the orc's attack.
A scorpion comes into view.
Your Axes skill increases to level 6!
An iguana comes into view.
Things that are here:
a +0 club; a +0 leather armour You slash the orc!
You freeze the orc.
You kill the orc!
The iguana hisses angrily.
You slash the ogre! You freeze the ogre.
The ogre is moderately wounded.
The ogre hits you with a +0 giant club!!
You barely miss the ogre.
The ogre is moderately wounded.
The ogre hits you with a +0 giant club!
You barely miss the ogre.
The ogre is moderately wounded.
You closely miss the scorpion. The scorpion barely misses you.
The ogre hits you with a +0 giant club!!
* * * LOW HITPOINT WARNING * * *
The scorpion stings you.
* * * LOW HITPOINT WARNING * * *
You feel very mighty all of a sudden. The scorpion closely misses you.
You slash the ogre! You freeze the ogre.
The ogre is almost dead.
You slash the iguana! You freeze the iguana. You slash the scorpion!
You freeze the scorpion.
You kill the scorpion!
The ogre hits you with a +0 giant club!
You die...

.# #.# # #...†#
.# #.# ###.f# ##
#.# #..# # ##.##
.# ##### #.f#
s.# #.....#..#
...# .........#
.....
#.....##†#.....#
......l@O.......
########))..?.##
##....#.. ..###
.>.. .....
...... .?....


You could see a wandering mushroom, an ogre and an iguana.

Vanquished Creatures
  3 wandering mushrooms
  Sigmund (D:3)
  A sky beast (D:6)
  A black bear (D:4)
  A necrophage (D:5)
  3 scorpions
  A howler monkey (D:4)
  2 orc priests
  2 hounds
  A jelly (D:5)
  Crazy Yiuf (D:5)
  4 iguanas
  Terence (D:3)
  3 orc wizards
  11 gnolls (D:5)
  3 adders
  A dart slug (D:2)
  17 orcs
  8 endoplasms
  2 giant cockroaches (D:3)
  8 hobgoblins
  6 jackals
  10 kobolds
  4 quokkas
  3 ball pythons
  7 bats
  8 goblins
  4 rats
117 creatures vanquished.

Notes
Turn   | Place    | Note
-------+----------+-------------------------------------------
     0 | D:1      | ImASeal the Troll Fighter began the quest for the Orb.
     0 | D:1      | Reached XP level 1. HP: 22/22 MP: 0/0
   117 | D:1      | Found a faded altar of an unknown god.
   126 | D:1      | Reached XP level 2. HP: 29/29 MP: 1/1
   190 | D:1      | Prayed at the altar of an unknown god.
   190 | D:1      | Became a worshipper of Fedhas Madash
   190 | D:1      | Reached * piety under Fedhas
   503 | D:2      | Reached skill level 2 in Axes
   511 | D:2      | Reached XP level 3. HP: 36/36 MP: 2/2
   512 | D:2      | Found a glowing silver altar of Zin.
   531 | D:2      | Fell from the grace of Fedhas
   531 | D:2      | Became a worshipper of Zin the Law-Giver
   622 | D:2      | Reached XP level 4. HP: 33/44 MP: 3/3
  1077 | D:2      | Noticed a wandering mushroom
  1077 | D:2      | Noticed a wandering mushroom
  1077 | D:2      | Noticed an oklob plant
  1122 | D:2      | Noticed an oklob plant
  1122 | D:2      | Noticed an oklob plant
  1125 | D:2      | HP: 1/44 [oklob plant/splash of acid[the enmity of Fedhas
                  | Madash] (27)]
  1423 | D:2      | Noticed an oklob plant
  1423 | D:2      | Noticed an oklob plant
  1423 | D:2      | Noticed an oklob plant
  1428 | D:3      | Noticed Terence
  1472 | D:3      | Found a shimmering altar of Xom.
  1483 | D:3      | Reached * piety under Zin
  1509 | D:3      | Killed Terence
  1510 | D:3      | Reached skill level 3 in Axes
  1510 | D:3      | Reached XP level 5. HP: 52/52 MP: 4/4
  1708 | D:3      | Noticed Sigmund
  1730 | D:3      | Killed Sigmund
  1731 | D:3      | Reached skill level 1 in Throwing
  1731 | D:3      | Reached XP level 6. HP: 30/61 MP: 5/5
  1815 | D:3      | Found a transporter.
  1818 | D:3      | Found a transporter.
  1819 | D:3      | Noticed glosham's ghost (weakling SpAE)
  2055 | D:4      | Reached skill level 4 in Axes
  2434 | D:4      | Reached ** piety under Zin
  2600 | D:4      | Noticed a wandering mushroom
  2600 | D:4      | Noticed an oklob plant
  2660 | D:4      | Killed a wandering mushroom
  2777 | D:4      | Reached *** piety under Zin
  3008 | D:5      | Entered Level 5 of the Dungeon
  3024 | D:5      | Reached XP level 7. HP: 25/67 MP: 6/6
  3210 | D:5      | Identified the +11 hand axe "Veirgh" {freeze, Int+5}
  3229 | D:5      | Found a runed translucent door.
  3230 | D:5      | Noticed Crazy Yiuf
  3235 | D:5      | Killed Crazy Yiuf
  3386 | D:5      | Reached skill level 5 in Axes
  3416 | D:5      | Found a shimmering blue altar of Sif Muna.
  3803 | D:6      | Reached XP level 8. HP: 78/78 MP: 7/7
  3935 | D:6      | Found a staircase to the Ecumenical Temple.
  3945 | D:6      | Was forgiven by Fedhas
  3946 | D:6      | Noticed a wandering mushroom
  3946 | D:6      | Noticed an oklob plant
  3946 | D:6      | Noticed an oklob plant
  3946 | D:6      | Noticed a wandering mushroom
  3946 | D:6      | Noticed an oklob plant
  3946 | D:6      | Noticed a wandering mushroom
  4070 | D:6      | Reached skill level 5 in Shields
  4302 | D:6      | Reached skill level 6 in Axes
  4306 | D:6      | HP: 2/78 [scorpion (3)]
  4308 | D:6      | Mangled by an ogre

Illustrated notes

Levels and vault maps discovered:
D:1:      nzn_arrival_crosshair, layout_basic, ebering_ecumenical_altar_box
D:2:      layout_basic, basic_altar
D:3:      layout_basic, nicolae_overflow_crystal_walls,
          gammafunk_ghost_mausoleum, uniq_terence, uniq_sigmund
D:4:      layout_loops_corners
D:5:      layout_cave_pools, lemuel_doored_altar, nrook_mini_vaults,
          uniq_crazy_yiuf_cottage
D:6:      layout_basic, minmay_temple_entry_glass

Skill      XL: |  1  2  3  4  5  6  7  8 |
---------------+-------------------------+-----
Shields        | 3 4 5 |  5.0
Axes           | 2 3 4 5 6 |  6.0
Fighting       | 3 4 |  4.2
Throwing       | 1 |  1.9
Dodging        | |  2.5

Action                   |  1- 3 |  4- 6 |  7- 9 || total
-------------------------+-------+-------+-------++-------
Melee: War axe           |    76 |   147 |    30 ||   253
       Hand axe          |       |       |    55 ||    55
Throw: Stone             |     4 |    31 |       ||    35
       Dart              |       |    10 |     1 ||    11
       Large rock        |       |     3 |       ||     3
  Use: Scroll            |       |     2 |       ||     2
       Potion            |       |     2 |     1 ||     3
 Stab: Sleeping          |     2 |       |       ||     2
       Distracted        |       |     1 |       ||     1
Armor: Robe              |    29 |    47 |    13 ||    89
Dodge: Dodged            |    38 |    66 |    40 ||   144
Block: Kite shield       |    35 |    86 |    44 ||   165
